 Dungeon Crawl Stone Soup version 0.30-a0-782-ge64f9170bb (webtiles) character file.

Game seed: 13497238255427512168

159 porpoise the Sneak (level 5, -2/37 HPs)
             Began as a Gnoll Enchanter on Feb 19, 2023.
             Slain by a lemure (7 damage)
             ... led by Pikel
             ... on level 4 of the Dungeon.
             The game lasted 00:12:45 (3372 turns).

porpoise the Sneak (Gnoll Enchanter)                Turns: 3372, Time: 00:12:45

Health: -2/37      AC:  7    Str:  7    XL:     5   Next: 40%
Magic:  9/12       EV: 13    Int: 16    God:
Gold:   134        SH:  0    Dex: 13    Spells: 6/14 levels left

rFire   . . .      SeeInvis .    a - +1 dagger (protect)
rCold   . . .      Faith    .    (no shield)
rNeg    . . .      Spirit   .    o - +1 leather armour {rPois}
rPois   +          Reflect  .    t - +0 helmet
rElec   .          Harm     .    p - +0 cloak
rCorr   +          Rampage  .    r - +0 pair of gloves
Will    .....                    (no boots)
Stlth   +++                      (no amulet)
HPRegen 0.26/turn                g - ring of wizardry
MPRegen 0.13/turn                k - ring of resist corrosion

@: mighty, confusing by touch
A: fangs 1, strong nose, distributed training
a: no special abilities


You were on level 4 of the Dungeon.
You visited 1 branch of the dungeon, and saw 4 of its levels.

You collected 134 gold pieces.

Inventory:

Hand Weapons
 a - a +1 dagger of protection (weapon)
Missiles
 j - 9 boomerangs (quivered)
 y - a poisoned dart
 A - a javelin
 B - a throwing net
Armour
 h - a +0 robe
 o - a +1 leather armour of poison resistance (worn)
 p - a +0 cloak (worn)
 r - a +0 pair of gloves (worn)
 t - a +0 helmet (worn)
Jewellery
 g - a ring of wizardry (left hand)
 k - a ring of resist corrosion (right hand)
 s - a ring of poison resistance
 w - a ring of see invisible
Wands
 x - a wand of flame (15)
Scrolls
 b - a scroll of brand weapon
 e - a scroll of fear
 m - a scroll of amnesia {unknown}
 n - 2 scrolls of teleportation
 q - a scroll of immolation
 u - 2 scrolls of vulnerability {unknown}
 v - a scroll of blinking {unknown}
Potions
 c - 2 potions of invisibility
 d - 2 potions of heal wounds
 f - a potion of attraction
 i - a potion of might
 l - a potion of brilliance
 z - a potion of curing {unknown}


   Skills:
 + Level 1.5 Fighting
 + Level 3.0 Short Blades
 + Level 1.5 Long Blades
 + Level 1.5 Axes
 + Level 1.5 Maces & Flails
 + Level 1.5 Polearms
 + Level 1.5 Staves
 + Level 1.5 Ranged Weapons
 + Level 1.5 Throwing
 + Level 1.5 Armour
 + Level 4.8 Dodging
 + Level 6.1 Stealth
 + Level 1.5 Shields
 + Level 1.5 Unarmed Combat
 + Level 5.2 Spellcasting
 + Level 1.2 Conjurations
 + Level 5.5 Hexes
 + Level 1.2 Summonings
 + Level 1.2 Necromancy
 + Level 1.2 Translocations
 + Level 1.2 Transmutations
 + Level 1.2 Fire Magic
 + Level 1.2 Ice Magic
 + Level 1.2 Air Magic
 + Level 1.2 Earth Magic
 + Level 1.2 Poison Magic
 + Level 1.7 Invocations
 + Level 1.5 Evocations


You had 6 spell levels left.
You knew the following spells:

 Your Spells              Type           Power      Damage    Failure   Level
a - Confusing Touch       Hex            22%        N/A       2%          3
e - Ensorcelled Hibernat  Hex/Ice        30%        N/A       3%          2
t - Tukima's Dance        Hex            22%        N/A       2%          3

Your spell library contained the following spells:

 Spells                   Type           Power      Damage    Failure   Level
 Dazzling Flash           Conj/Hex       30%        N/A       6%          3
 Spider Form              Tmut/Pois      8%         N/A       16%         3
 Anguish                  Hex/Necr       7%         N/A       21%         4


Dungeon Overview and Level Annotations

Branches:
Dungeon (4/15)
 Temple: D:4-7

Altars:
Fedhas
Nemelex Xobeh
Wu Jian

Shops:
D:3 [   D:4 (

Annotations:
D:3 2 transporters
D:4 Pikel


Innate Abilities, Weirdness & Mutations

You have very sharp teeth.
Your uncanny sense of smell can sniff out nearby items.
Your experience applies equally to all skills.


Message History

Aiming: Ensorcelled Hibernation (safe; 3% risk of failure)
Press: ? - help, Shift-Dir - straight line, f - Pikel
Aim: Pikel, wielding a +1 whip of freezing, wearing a +2 robe of willpower and carrying a wand of roots (8) (unusually resistant, not susceptible)
Okay, then.
Unknown command.
Casting: Ensorcelled Hibernation (safe; 3% risk of failure)
Confirm with . or Enter, or press ? or * to list all spells.
Your hands begin to glow red.
Pikel zaps a wand.
The roots erupt in riotous growth!
The grasping roots grab you!
The lemure is unaffected. x2; Pikel is unaffected.
The grasping roots constrict you! The lemure closely misses you. x2
You hear a shout!
You feel very mighty all of a sudden.
Pikel hits you with a +1 whip of freezing!
* * * LOW HITPOINT WARNING * * *
Pikel freezes you.
* * * LOW HITPOINT WARNING * * *
The grasping roots constrict you. The lemure closely misses you.
The lemure hits you but does no damage. x2
You feel much better. The adder closely misses you. Pikel barely misses you.
The grasping roots constrict you. The lemure hits you. x2
You hit Pikel but do no damage. The adder bites you but does no damage.
Pikel hits you with a +1 whip of freezing.
Pikel freezes you. The grasping roots constrict you.
The lemure hits you but does no damage. The lemure hits you.
The lemure barely misses you. The lemure misses you.
You hit Pikel but do no damage. The adder completely misses you.
The grasping roots release their grip on you.
You hit Pikel but do no damage.
Pikel hits you with a +1 whip of freezing.
Pikel freezes you. The lemure closely misses you. The adder closely misses you.
The lemure closely misses you.
The lemure hits you but does no damage. x2
You hit Pikel but do no damage. The adder bites you but does no damage.
Pikel hits you with a +1 whip of freezing.
* * * LOW HITPOINT WARNING * * *
Pikel freezes you.
* * * LOW HITPOINT WARNING * * *
The lemure barely misses you. The lemure hits you!
You die...

.# #.#
###########.....#
.# #(#
#...............#
.. ..#
#.#########..(..#
.# ### #.#
#.....# .#
#.###############
.. #.).........#
.# #####.#####S#
###.S...##.
#.5@5....(..#
#..5K5##....#.#
#.....# ....#
#..♣♣... .....#
#.. ♣.....≈≈..#
#. ..._.§≈≈.... #
......§....##
##...§..


You could see Pikel (resistant), 4 lemures and an adder.

Vanquished Creatures
  An iguana (D:4)
  6 adders
  A worm (D:2)
  6 orcs
  10 ball pythons
  2 bats
  8 endoplasms
  2 giant cockroaches
  5 hobgoblins
  2 jackals (D:2)
  4 quokkas
  3 training dummies (D:4)
  6 frilled lizards
  4 goblins
  4 kobolds
  4 rats
68 creatures vanquished.

Notes
Turn   | Place    | Note
-------+----------+-------------------------------------------
     0 | D:1      | porpoise the Gnoll Enchanter began the quest for the Orb.
     0 | D:1      | Reached XP level 1. HP: 13/13 MP: 6/6
   287 | D:1      | Reached XP level 2. HP: 19/19 MP: 7/7
   313 | D:1      | Learned a level 2 spell: Ensorcelled Hibernation
  1175 | D:2      | Reached skill level 5 in Spellcasting
  1175 | D:2      | Reached XP level 3. HP: 25/25 MP: 7/9
  1189 | D:2      | Learned a level 3 spell: Confusing Touch
  1193 | D:2      | Learned a level 3 spell: Tukima's Dance
  1203 | D:2      | Reached skill level 6 in Stealth
  1203 | D:2      | Reached skill level 1 in Invocations
  1290 | D:2      | Reached skill level 1 in Fighting
  1290 | D:2      | Reached skill level 1 in Long Blades
  1290 | D:2      | Reached skill level 1 in Axes
  1290 | D:2      | Reached skill level 1 in Maces & Flails
  1290 | D:2      | Reached skill level 1 in Polearms
  1290 | D:2      | Reached skill level 1 in Staves
  1290 | D:2      | Reached skill level 1 in Ranged Weapons
  1290 | D:2      | Reached skill level 1 in Throwing
  1290 | D:2      | Reached skill level 1 in Armour
  1290 | D:2      | Reached skill level 1 in Shields
  1290 | D:2      | Reached skill level 1 in Unarmed Combat
  1290 | D:2      | Reached skill level 1 in Evocations
  1497 | D:2      | Reached XP level 4. HP: 32/32 MP: 6/11
  1879 | D:2      | Reached skill level 1 in Conjurations
  1879 | D:2      | Reached skill level 1 in Summonings
  1879 | D:2      | Reached skill level 1 in Necromancy
  1879 | D:2      | Reached skill level 1 in Translocations
  1879 | D:2      | Reached skill level 1 in Transmutations
  1879 | D:2      | Reached skill level 1 in Fire Magic
  1879 | D:2      | Reached skill level 1 in Ice Magic
  1879 | D:2      | Reached skill level 1 in Air Magic
  1879 | D:2      | Reached skill level 1 in Earth Magic
  1879 | D:2      | Reached skill level 1 in Poison Magic
  1987 | D:2      | Found a faded altar of an unknown god.
  2196 | D:3      | Found a sparkling altar of Nemelex Xobeh.
  2196 | D:3      | Found a blossoming altar of Fedhas.
  2482 | D:3      | Found Zuric's Armour Shoppe.
  2795 | D:3      | Found a transporter.
  2801 | D:3      | Noticed a small abomination
  2814 | D:3      | Noticed a small abomination
  2832 | D:3      | Found a transporter.
  2935 | D:4      | Reached XP level 5. HP: 37/37 MP: 7/12
  3224 | D:4      | Found Cas Fij's Firing Range.
  3331 | D:4      | Noticed a lemure
  3332 | D:4      | Noticed Pikel
  3332 | D:4      | Noticed a lemure
  3363 | D:4      | Noticed a lemure
  3363 | D:4      | Noticed a lemure
  3364 | D:4      | Found an ornate altar of the Wu Jian Council.
  3372 | D:4      | Slain by a lemure

Illustrated notes

Levels and vault maps discovered:
D:1:      dpeg_arrival_more_subterranean_lakeside_camping, layout_basic,
          chequers_garden, minmay_indecisive_spiral
D:2:      layout_basic, shapermc_ecumenical_altar_totnotflames,
          minmay_pentomino_t4
D:3:      layout_loops_cross, jmf_multi_god_temple,
          gammafunk_ghost_abyssal_escape, serial_shops,
          nicolae_shop_window_shopping
D:4:      layout_loops_ring, nicolae_wu_jian_wuxing_cycle, grunt_ministairs_11,
          dreamdust_princess_corridor, nicolae_shop_firing_range, uniq_pikel,
          uniq_sigmund, uniq_eustachio, uniq_crazy_yiuf_cottage

Skill      XL: |  1  2  3  4  5 |
---------------+----------------+-----
Spellcasting   | 5 |  5.2
Stealth        | 6 |  6.1
Invocations    | 1 |  1.7
Fighting       | 1 |  1.5
Long Blades    | 1 |  1.5
Axes           | 1 |  1.5
Maces & Flails | 1 |  1.5
Polearms       | 1 |  1.5
Staves         | 1 |  1.5
Ranged Weapons | 1 |  1.5
Throwing       | 1 |  1.5
Armour         | 1 |  1.5
Shields        | 1 |  1.5
Unarmed Combat | 1 |  1.5
Evocations     | 1 |  1.5
Conjurations   | 1 |  1.2
Summonings     | 1 |  1.2
Necromancy     | 1 |  1.2
Translocations | 1 |  1.2
Transmutations | 1 |  1.2
Fire Magic     | 1 |  1.2
Ice Magic      | 1 |  1.2
Air Magic      | 1 |  1.2
Earth Magic    | 1 |  1.2
Poison Magic   | 1 |  1.2
Short Blades   | 3 |  3.0
Dodging        | |  4.8
Hexes          | |  5.5

Action                     |  1- 3 |  4- 6 || total
---------------------------+-------+-------++-------
  Melee: Dagger            |    61 |    74 ||   135
         Punch             |     1 |       ||     1
         Bite              |     1 |     7 ||     8
   Cast: Ensorcelled Hiber |    14 |    22 ||    36
         Confusing Touch   |       |     1 ||     1
    Use: Scroll            |       |     8 ||     8
         Potion            |       |     2 ||     2
   Stab: Sleeping          |    23 |    25 ||    48
 Armour: Robe              |     5 |       ||     5
         Leather armour    |     2 |    17 ||    19
  Dodge: Dodged            |    21 |    44 ||    65

Table legend: (Time is in decaauts)
 A = Elapsed time spent in this place.
 B = Non-inter-level travel time spent in this place.
 C = Inter-level travel time spent in this place.
 D = Time resting spent in this place.
 E = Time spent auto-exploring this place.
 F = Levels seen in this place.
 G = Mean time per level.
                   A        B        C        D        E       F      G
               +--------+--------+--------+--------+--------+-----+--------+
         Total |   3354 |   3232 |    122 |    413 |   2103 |   4 |  838.5 |
       Dungeon |   3354 |   3232 |    122 |    413 |   2103 |   4 |  838.5 |
               +--------+--------+--------+--------+--------+-----+--------+

Top non-repeatable levels by time:
     D:2: 1194 daAuts
     D:1: 964 daAuts
     D:3: 737 daAuts
     D:4: 457 daAuts
